 Dungeon Sprint DCSS version 0.23-a0-13-gb09bef45d9 (webtiles) character file.

57 GordonOverkill the Cleaver (level 4, 0/58 HPs)
             Began as a Hill Orc Berserker on Aug 2, 2018.
             Was a Believer of Trog.
             Slain by a human (8 damage)
             ... in the Dungeon (Sprint III: "The Ten Rune Challenge").
             The game lasted 00:00:51 (354 turns).

GordonOverkill the Cleaver (Hill Orc Berserker)      Turns: 354, Time: 00:00:52

Health: 0/58       AC:  2    Str: 25    XL:     4   Next: 0%
Magic:  4/4        EV: 12    Int:  7    God:    Trog [**....]
Gold:   0          SH:  0    Dex: 10    Spells: 3/3 levels left

rFire    . . .     SeeInvis .   a - +0 hand axe
rCold    . . .     Gourm    .   (no shield)
rNeg     . . .     Faith    .   b - +0 animal skin
rPois    .         Spirit   .   (no helmet)
rElec    .         Reflect  .   (no cloak)
rCorr    .         Harm     .   (no gloves)
MR       .....     NoTele   +   (no boots)
Stlth    ..........             (no amulet)
HPRegen  0.19/turn              (no ring)
MPRegen  0.09/turn              (no ring)

@: berserking, lethally poisoned (0 -> -13), very quick
A: no striking features
a: Berserk, Trog's Hand, Renounce Religion


You were in the Dungeon.
You worshipped Trog.
Trog was pleased with you.
You were not hungry.

You visited 1 branch

Inventory:

Hand Weapons
 a - a +0 hand axe (weapon)
Armour
 b - a +0 animal skin (worn)
Scrolls
 i - a scroll of blinking
 j - a scroll of remove curse {unknown}
Potions
 d - a potion of curing
 e - a potion of heal wounds
 f - a potion of haste
 g - 2 potions of magic
 h - a potion of berserk rage
 k - 2 potions of agility {unknown}
Comestibles
 c - a ration
 l - a chunk of flesh


   Skills:
 - Level 3.6 Fighting
 + Level 10.4 Axes
 - Level 2.1 Armour
 - Level 1.5 Dodging


You had 3 spell levels left.
You didn't know any spells.
Your spell library was empty.

Dungeon Overview and Level Annotations

Branches:
Dungeon (1/1)

Altars:


Message History

You are too injured to fight recklessly!
You are too injured to fight recklessly!
You are too injured to fight recklessly!
You are too injured to fight recklessly!
You are too injured to fight recklessly!
You closely miss the human.
The human is heavily wounded.
You feel sick. The human hits you!
You slash the human!
The human is almost dead.
You feel sick. The human hits you!
* * * LOW HITPOINT WARNING * * *
You barely miss the human.
The human is almost dead.
* * * LOW HITPOINT WARNING * * *
You feel sick.
You barely miss the human.
The human is almost dead.
The human hits you!
You die...

▓...#......##
▓..##.......# ..#
▓##.##.##...# ..#
##.##.###..# #..#
▓#.####.##..# ...+
▓.###..##..## #...#
▓#.....##÷.###....#
###..##...##p....#
##..##....#.@†...#
#..###..##.#.....#
#..# #..#####....#
▓▓▓▓ ▓▓▓▓ ▓▓▓▓▓


You could see a human.

Vanquished Creatures
  A scorpion (D)
  2 oozes (D)
  2 rats (D)
5 creatures vanquished.

Vanquished Creatures (others)
  2 draconian scorchers (D)
  6 hellions (D)
  A yaktaur (D)
9 creatures vanquished.

Grand Total: 14 creatures vanquished

Notes
Turn   | Place    | Note
-------+----------+-------------------------------------------
     0 | D        | GordonOverkill the Hill Orc Berserker began the quest for the Orb.
     0 | D        | Reached XP level 1. HP: 19/19 MP: 1/1
    15 | D        | Reached skill level 6 in Axes
    18 | D        | Reached XP level 2. HP: 5/26 MP: 2/2
    87 | D        | Killed a hellion
   101 | D        | Killed a yaktaur
   122 | D        | Killed a hellion
   126 | D        | Killed a hellion
   127 | D        | Killed a hellion
   139 | D        | Killed a hellion
   210 | D        | Killed a hellion
   211 | D        | Killed a white draconian scorcher
   211 | D        | Killed a white draconian scorcher
   298 | D        | Reached ** piety under Trog
   298 | D        | Reached skill level 7 in Axes
   343 | D        | Noticed a scorpion
   348 | D        | Killed a scorpion
   348 | D        | Reached skill level 10 in Axes
   348 | D        | Reached XP level 3. HP: 30/31 MP: 3/3
   348 | D        | Reached XP level 4. HP: 38/39 MP: 4/4
   354 | D        | Slain by a human

Vault maps used:
D:        dungeon_sprint_mu

Skill      XL: |  1  2 |
---------------+-------+-----
Axes           | 6 10 | 10.4
Fighting       | |  3.6
Armour         | |  2.1
Dodging        | |  1.5

Action                   |  1- 3 |  4- 6 || total
-------------------------+-------+-------++-------
Melee: Hand axe          |    15 |     6 ||    21
Invok: Berserk           |     2 |       ||     2
Armor: Animal skin       |     1 |       ||     1
Dodge: Dodged            |     6 |       ||     6

Table legend:
 A = Spawn XP
 B = Non-spawn XP
 C = Spawn XP percentage of total XP
 D = Spawn monster count
 E = Non-spawn monster count
 F = Spawn count percentage of total count
 G = Total turns spent on level
                    A         B        C        D         E        F      G
               +---------+---------+-------+---------+---------+-------+---------
         Total |       0 |      82 |   0.0 |       0 |       5 |   0.0 |   354
               +---------+---------+-------+---------+---------+-------+---------
             D |       0 |      82 |   0.0 |       0 |       5 |   0.0 |   354
               +---------+---------+-------+---------+---------+-------+---------
